[Event "ICC tourney 2605 (40 5)"]
[Site "Internet Chess Club"]
[Date "2021.06.12"]
[Round "3"]
[White "WU, WILLIAM:K09-15782241"]
[Black "OH, JAMES Y:K09-15146868"]
[Result "1-0"]
[ICCResult "Black resigns"]
[WhiteElo "1854"]
[BlackElo "2034"]
[Opening "Sicilian: Alapin's variation (2.c3)"]
[ECO "B22"]
[NIC "SI.47"]
[Time "17:00:27"]
[PlyCount "77"]
[TimeControl "2400+5"]

1. e4 c5 2. c3 Nf6 3. e5 Nd5 4. d4 cxd4 5. Nf3 d6 6. cxd4 Nc6 7. Bc4 e6 8.
O-O Be7 9. Qe2 O-O 10. Nbd2 dxe5 11. dxe5 Qc7 12. Qe4 Rd8 13. Bd3 g6 14.
Nc4 b5 15. Nd6 Rxd6 16. exd6 Qxd6 17. Bxb5 f5 18. Qe2 Bf6 19. Bxc6 Qxc6 20.
Ne5 Qd6 21. Re1 Ba6 22. Nc4 Qc6 23. Na5 Bxe2 24. Nxc6 Bb5 25. Na5 Nb4 26.
Rxe6 Kf7 27. Rd6 Be5 28. Rd1 Ba4 29. Nb3 Nxa2 30. Rxa2 Bxb3 31. Rd7+ Kf6
32. Ra6+ Be6 33. f4 Bb8 34. b4 g5 35. Bb2+ Kg6 36. Rxe6+ Kh5 37. Rxh7+ Kg4
38. fxg5 Bf4 39. Rh8 { Black resigns } 1-0

[Event "ICC tourney 2605 (40 5)"]
[Site "Internet Chess Club"]
[Date "2021.06.12"]
[Round "3"]
[White "FENTON, SETH AUSTIN:K09-15344035"]
[Black "COLOMBO, DOMINIC:K09-14933967"]
[Result "1/2-1/2"]
[ICCResult "Game drawn by mutual agreement"]
[WhiteElo "1690"]
[BlackElo "1960"]
[Opening "English: Anglo-Grünfeld, Czech defense"]
[ECO "A16"]
[NIC "EO.53"]
[Time "17:01:19"]
[PlyCount "84"]
[TimeControl "2400+5"]

1. c4 Nf6 2. Nc3 d5 3. cxd5 Nxd5 4. g3 g6 5. Bg2 Nb6 6. e3 Bg7 7. Nge2 O-O
8. O-O e5 9. b3 Nc6 10. Bb2 Bf5 11. Ne4 Qe7 12. a4 a5 13. Rc1 Rfd8 14. Nc5
Nb4 15. Nxb7 Re8 16. Ba3 e4 17. Bxb4 Qxb4 18. Nc5 Rad8 19. Na6 Qxd2 20.
Qxd2 Rxd2 21. Nxc7 Rc8 22. Nf4 Rb2 23. Ncd5 Rxc1 24. Rxc1 Nxd5 25. Nxd5 Bf8
26. h3 h5 27. Rc7 Rxb3 28. Ra7 Bb4 29. Nf6+ Kg7 30. Nxe4 Rb1+ 31. Kh2 Bxe4
32. Bxe4 Rb2 33. Kg2 Be1 34. Kf1 Bxf2 35. Bd5 Bxe3 36. Rxf7+ Kh6 37. Rf3
Bd4 38. Bc6 Rh2 39. h4 Ra2 40. Bb5 Kg7 41. Rd3 Bf6 42. Rd7+ Kh6 { Game
drawn by mutual agreement } 1/2-1/2

[Event "ICC tourney 2605 (40 5)"]
[Site "Internet Chess Club"]
[Date "2021.06.12"]
[Round "3"]
[White "SAFRANEK, VEDA ROSE:K09-14975007"]
[Black "ZHU, JENNY:K09-15942700"]
[Result "0-1"]
[ICCResult "White resigns"]
[WhiteElo "1681"]
[BlackElo "1959"]
[Opening "Sicilian: Kan, 5.Nc3"]
[ECO "B43"]
[NIC "SI.41"]
[Time "17:00:42"]
[PlyCount "54"]
[TimeControl "2400+5"]

1. e4 c5 2. Nf3 e6 3. d4 cxd4 4. Nxd4 a6 5. Nc3 Qc7 6. Be2 b5 7. a3 Bb7 8.
O-O Nf6 9. Bf3 d6 10. Re1 Be7 11. e5 dxe5 12. Bxb7 Qxb7 13. Rxe5 O-O 14.
Bg5 Rd8 15. Re3 Nd5 16. Rg3 Nxc3 17. bxc3 Bxg5 18. Rxg5 f6 19. Rh5 e5 20.
Qd3 g6 21. Rh3 exd4 22. Re1 Qf7 23. Rhe3 Nc6 24. cxd4 Rxd4 25. Qc3 Rc4 26.
Qb2 Rd8 27. Re6 Qxe6 { White resigns } 0-1

[Event "ICC tourney 2605 (40 5)"]
[Site "Internet Chess Club"]
[Date "2021.06.12"]
[Round "3"]
[White "VU, LEONARD:K09-15005368"]
[Black "NAVEEN, AARUSH:K09-16031675"]
[Result "0-1"]
[ICCResult "White resigns"]
[WhiteElo "1990"]
[BlackElo "1693"]
[Opening "Sicilian: Prins variation, Venice attack"]
[ECO "B55"]
[NIC "SI.01"]
[Time "17:01:19"]
[PlyCount "88"]
[TimeControl "2400+5"]

1. e4 c5 2. Nf3 d6 3. d4 cxd4 4. Nxd4 Nf6 5. f3 e5 6. Bb5+ Nbd7 7. Nf5 d5
8. exd5 a6 9. Bxd7+ Bxd7 10. Ne3 Bc5 11. c4 Qb6 12. Qb3 Qa7 13. O-O e4 14.
Kh1 O-O 15. Na3 Rfe8 16. Nac2 exf3 17. Rxf3 Ng4 18. Nxg4 Bxg4 19. Rg3 Bf5
20. Qc3 f6 21. Bf4 Bf2 22. Be3 Bxe3 23. Nxe3 Bg6 24. c5 Rac8 25. b4 a5 26.
a3 Ra8 27. b5 Rac8 28. Rc1 Re5 29. c6 bxc6 30. bxc6 Qc7 31. Qc5 Rce8 32.
Qc4 Kh8 33. Qd4 Re4 34. Qd2 Qd6 35. Nc4 Qxd5 36. Rd3 Qxc6 37. Rd8 Rxc4 38.
Re1 Re4 39. Rxe4 Qxe4 40. h3 Qe5 41. Qd7 h6 42. Rxe8+ Qxe8 43. Qd5 Qe1+ 44.
Kh2 Qe5+ { White resigns } 0-1

[Event "ICC tourney 2605 (40 5)"]
[Site "Internet Chess Club"]
[Date "2021.06.12"]
[Round "3"]
[White "MAHESHWARI, JAYANT:K09-14966376"]
[Black "KROTOV, DAMIAN:K09-17105641"]
[Result "1-0"]
[ICCResult "Black resigns"]
[WhiteElo "2059"]
[BlackElo "1819"]
[Opening "Caro-Kann: advance variation"]
[ECO "B12"]
[NIC "CK.04"]
[Time "17:00:22"]
[PlyCount "65"]
[TimeControl "2400+5"]

1. e4 c6 2. d4 d5 3. e5 Bf5 4. Nf3 e6 5. Be2 Nd7 6. O-O Ne7 7. Nbd2 Nc8 8.
a4 Be7 9. c3 O-O 10. a5 c5 11. Re1 a6 12. Nf1 Na7 13. Ng3 Bg6 14. Bd2 cxd4
15. cxd4 Nc6 16. Qa4 Rc8 17. Rec1 Ndb8 18. b4 Be4 19. b5 Bxf3 20. gxf3 axb5
21. Bxb5 Na7 22. Bd3 Nbc6 23. Rab1 Rc7 24. Ne2 f6 25. f4 fxe5 26. dxe5 Bh4
27. Be3 Rd7 28. Bb6 Qe8 29. a6 Qh5 30. Ng3 Qg4 31. Be2 Rxf4 32. Bxg4 Rxa4
33. Bxe6+ { Black resigns } 1-0

[Event "ICC tourney 2605 (40 5)"]
[Site "Internet Chess Club"]
[Date "2021.06.12"]
[Round "3"]
[White "MULPURI, PARTHIV KUMAR:K09-16906012"]
[Black "WANG, LILIAN:K09-15607273"]
[Result "1/2-1/2"]
[ICCResult "Game drawn because neither player has mating material"]
[WhiteElo "1006"]
[BlackElo "1789"]
[Opening "Sicilian"]
[ECO "B50"]
[NIC "SI.01"]
[Time "17:00:30"]
[PlyCount "108"]
[TimeControl "2400+5"]

1. e4 c5 2. Nf3 d6 3. b3 Nf6 4. d3 e6 5. Bb2 Be7 6. Be2 O-O 7. O-O a6 8.
Nbd2 b5 9. e5 dxe5 10. Bxe5 Bb7 11. Bb2 Nbd7 12. c4 Nb6 13. cxb5 axb5 14.
d4 b4 15. dxc5 Bxc5 16. Nc4 Nxc4 17. Bxc4 Qe7 18. Qe2 Ra7 19. Bd4 Bxf3 20.
Bxc5 Bxe2 21. Bxe7 Bxc4 22. Bxf8 Bxf1 23. Bc5 Rc7 24. Bd6 Rd7 25. Bxb4 Ba6
26. Rc1 h6 27. g3 Nd5 28. Rd1 Rc7 29. Ba5 Rc2 30. Rd2 Rxd2 31. Bxd2 Kf8 32.
Kg2 Ke7 33. f4 Kd6 34. Kf3 Kc5 35. Ke4 Nb4 36. Bxb4+ Kxb4 37. Ke5 Ka3 38.
Kd6 g5 39. Ke7 f5 40. Kxe6 Bc8+ 41. Kf6 g4 42. Kg6 Kxa2 43. b4 Kb3 44. b5
Kc4 45. b6 Kd5 46. b7 Bxb7 47. Kxf5 Bc8+ 48. Kg6 Ke4 49. Kxh6 Kf3 50. Kg5
Kg2 51. f5 Kh3 52. Kf4 Kxh2 53. Kxg4 Bxf5+ 54. Kxf5 Kxg3 { Game drawn
because neither player has mating material } 1/2-1/2

[Event "ICC tourney 2605 (40 5)"]
[Site "Internet Chess Club"]
[Date "2021.06.12"]
[Round "3"]
[White "HUSTON, GUS:K09-14921551"]
[Black "KAPLAN, AVI HARRISON:K09-15263943"]
[Result "0-1"]
[ICCResult "White resigns"]
[WhiteElo "2243"]
[BlackElo "2116"]
[Opening "Sicilian: Canal-Sokolsky attack, 3...Bd7"]
[ECO "B52"]
[NIC "SI.01"]
[Time "17:00:34"]
[PlyCount "108"]
[TimeControl "2400+5"]

1. e4 c5 2. Nf3 d6 3. Bb5+ Bd7 4. Bxd7+ Qxd7 5. O-O Nf6 6. Qe2 Nc6 7. c3 e6
8. d3 Be7 9. Nbd2 O-O 10. Re1 Rac8 11. Nf1 h6 12. Ng3 a6 13. Bd2 Rfd8 14.
Rac1 Ne5 15. Red1 Qb5 16. Ne1 Ng6 17. Rc2 Nh7 18. f4 e5 19. Nf5 Bf6 20. g3
Qd7 21. c4 Ne7 22. Nxe7+ Qxe7 23. Ng2 Nf8 24. Ne3 exf4 25. Nd5 Bd4+ 26. Kh1
Qe6 27. Bxf4 Ng6 28. Rf1 Ne7 29. b3 Nxd5 30. cxd5 Qh3 31. g4 Rd7 32. Bg3
Re8 33. Qd1 Be5 34. Rg2 Bxg3 35. Rxg3 Qh4 36. Rf5 g6 37. Rff3 Qg5 38. Rg2
Rde7 39. Qe1 Qxd5 40. Qh4 Rxe4 41. Rf1 Re2 42. Rg1 Rxg2 43. Rxg2 Re2 44.
Qg3 Qxg2+ 45. Qxg2 Rxg2 46. Kxg2 Kg7 47. Kf3 Kf6 48. Ke4 Ke6 49. d4 d5+ 50.
Kd3 cxd4 51. Kxd4 f5 52. gxf5+ gxf5 53. h3 f4 54. h4 Kf5 { White resigns }
0-1

[Event "ICC tourney 2605 (40 5)"]
[Site "Internet Chess Club"]
[Date "2021.06.12"]
[Round "3"]
[White "JUSTICE, DREW:K09-14561797"]
[Black "LYU, ETHANTOBY:K09-16195991"]
[Result "1-0"]
[ICCResult "Black resigns"]
[WhiteElo "2037"]
[BlackElo "1838"]
[Opening "QGD: semi-Slav, Noteboom variation"]
[ECO "D30"]
[NIC "QP.08"]
[Time "17:00:25"]
[PlyCount "91"]
[TimeControl "2400+5"]

1. d4 d5 2. c4 e6 3. Nf3 c6 4. Nc3 dxc4 5. a4 Bb4 6. Qc2 b5 7. e4 Bb7 8.
Be2 h6 9. O-O Bxc3 10. bxc3 Qc7 11. Ba3 Ne7 12. e5 O-O 13. Nd2 Rd8 14. Ne4
Nd5 15. Nd6 a6 16. Bh5 Rd7 17. Qe4 Nxc3 18. Qg4 Qd8 19. Bxf7+ Rxf7 20. Nxf7
Kxf7 21. Qf3+ Kg8 22. Qxc3 Nd7 23. Qh3 Qe8 24. a5 c5 25. Bxc5 Nxc5 26. dxc5
Rc8 27. Rad1 Rxc5 28. Qe3 Rd5 29. Qb6 Qc6 30. Qxc6 Bxc6 31. Rxd5 Bxd5 32.
f4 b4 33. Kf2 b3 34. Ke3 Bxg2 35. Rg1 Bd5 36. Kd4 Kf7 37. f5 h5 38. h4 c3
39. fxe6+ Bxe6 40. Kxc3 Bd5 41. Kd4 Be6 42. Rc1 Bf5 43. Rc7+ Kg8 44. Kc3
Be6 45. Ra7 g5 46. Rxa6 { Black resigns } 1-0

[Event "ICC tourney 2605 (40 5)"]
[Site "Internet Chess Club"]
[Date "2021.06.12"]
[Round "3"]
[White "CHAKRAVARTY, ARITRO:K09-16061277"]
[Black "SCHOENBAUER, JAKE:K09-16875594"]
[Result "0-1"]
[ICCResult "White resigns"]
[WhiteElo "1942"]
[BlackElo "1299"]
[Opening "Queen's pawn game, Darooha variation "]
[ECO "D02"]
[NIC "QP.06"]
[Time "17:01:14"]
[PlyCount "138"]
[TimeControl "2400+5"]

1. d4 Nf6 2. Nf3 d5 3. g3 c5 4. dxc5 e6 5. c4 Bxc5 6. cxd5 Qxd5 7. Qxd5
Nxd5 8. a3 O-O 9. Bg2 a5 10. b3 Nd7 11. O-O b6 12. Bb2 Ba6 13. Re1 Rac8 14.
Nbd2 Rfd8 15. Ne4 h6 16. g4 Nf4 17. Bf1 Bb7 18. Ned2 Nf6 19. Be5 Nxg4 20.
Bxf4 Bxf2+ 21. Kh1 Bxe1 22. Rxe1 Rc2 23. Nc4 Rc3 24. Rb1 Bxf3+ 25. exf3
Rxf3 26. Bc7 Rc8 27. Bxb6 a4 28. bxa4 Rxf1+ 29. Rxf1 Rxc4 30. a5 Ra4 31.
Rc1 Rxa3 32. Rc8+ Kh7 33. Ra8 Ne5 34. a6 Nc6 35. a7 f5 36. Bc5 Ra5 37. Bb6
Ra3 38. Bc5 Ra5 39. Bb6 Ra2 40. Rc8 Nxa7 41. Ra8 Ra1+ 42. Kg2 Rb1 43. Bxa7
Ra1 44. Kf3 Kg6 45. Kf4 Ra4+ 46. Ke5 Kf7 47. Kd6 f4 48. Kc7 f3 49. Kb7 e5
50. Rc8 Rb4+ 51. Ka6 Ra4+ 52. Kb6 e4 53. Rc7+ Kg6 54. Kb5 Ra2 55. Bd4 Rxh2
56. Rxg7+ Kf5 57. Kc4 Re2 58. Kd5 h5 59. Rf7+ Kg6 60. Rf4 Kg5 61. Rxe4 f2
62. Bxf2 Rxf2 63. Kd4 Rf4 64. Kd3 Rxe4 65. Kxe4 Kg4 66. Ke3 Kg3 67. Ke2 Kg2
68. Ke3 h4 69. Kf4 h3 { White resigns } 0-1

[Event "ICC tourney 2605 (40 5)"]
[Site "Internet Chess Club"]
[Date "2021.06.12"]
[Round "3"]
[White "HU, MERRIC:K09-14686967"]
[Black "KE, RIANNE:K09-15179208"]
[Result "1-0"]
[ICCResult "Black resigns"]
[WhiteElo "2275"]
[BlackElo "2002"]
[Opening "Sicilian defense"]
[ECO "B20"]
[NIC "SI.48"]
[Time "17:01:19"]
[PlyCount "97"]
[TimeControl "2400+5"]

1. e4 c5 2. b3 d6 3. Bb2 Nf6 4. Bb5+ Bd7 5. Bxd7+ Nbxd7 6. Qe2 g6 7. f4 Bg7
8. Nf3 O-O 9. O-O Nh5 10. Bxg7 Nxg7 11. Nc3 e6 12. Rad1 f5 13. exf5 exf5
14. Qc4+ Kh8 15. Ng5 Qf6 16. Nd5 Qd4+ 17. Qxd4 cxd4 18. Nc7 Rac8 19. Nce6
Nxe6 20. Nxe6 Rfe8 21. Nxd4 Re4 22. c3 a6 23. g3 Rce8 24. Nf3 Nf6 25. Rfe1
Kg7 26. h3 Nd5 27. Kf2 h6 28. Nd4 Kf6 29. Rxe4 fxe4 30. c4 Nb4 31. a3 Nd3+
32. Ke3 h5 33. h4 Nc5 34. Rf1 Re7 35. f5 g5 36. hxg5+ Kxg5 37. Rf4 a5 38.
b4 axb4 39. axb4 Nd7 40. Nb5 Nf6 41. Nxd6 b6 42. Nxe4+ Kh6 43. Kd4 Rd7+ 44.
Ke5 Nxe4 45. Kxe4 Rxd2 46. f6 Rd8 47. f7 Rf8 48. Kd5 Kg6 49. Kc6 { Black
resigns } 1-0

[Event "ICC tourney 2605 (40 5)"]
[Site "Internet Chess Club"]
[Date "2021.06.12"]
[Round "3"]
[White "REISS, AIDEN:K09-16581243"]
[Black "WISNIOWSKI, NATALIE:K09-15702390"]
[Result "1-0"]
[ICCResult "Black resigns"]
[WhiteElo "1853"]
[BlackElo "2006"]
[Opening "Sicilian: Keres variation (2.Ne2)"]
[ECO "B20"]
[NIC "SI.48"]
[Time "17:00:38"]
[PlyCount "129"]
[TimeControl "2400+5"]

1. e4 c5 2. Ne2 d6 3. g3 Nf6 4. Bg2 g6 5. O-O Bg7 6. c3 O-O 7. d4 cxd4 8.
cxd4 Nc6 9. Nbc3 Bd7 10. h3 Rc8 11. Be3 Na5 12. b3 h6 13. f4 e6 14. Qd2 Kh7
15. Rad1 Qc7 16. e5 Ne8 17. g4 Bc6 18. Ne4 b6 19. N2g3 Bb5 20. Rf2 d5 21.
Qb4 Ba6 22. f5 dxe4 23. f6 Qc3 24. Qxc3 Rxc3 25. fxg7 Kxg7 26. Bf4 e3 27.
Rb2 g5 28. Ne4 e2 29. Re1 Rd3 30. Bg3 Rxd4 31. b4 Nc4 32. Rbxe2 Nc7 33. Nd6
Rd3 34. Bh2 Nd5 35. Re4 Nxd6 36. exd6 Bb7 37. Rc4 Rd8 38. Rc7 Ba8 39. Be5+
Kg8 40. Rec1 Nxc7 41. dxc7 Rc8 42. Bxa8 Rxa8 43. c8=Q+ Rxc8 44. Rxc8+ Kh7
45. Rh8+ Kg6 46. Rg8+ Kh7 47. Rg7+ Kh8 48. Rxg5+ Kh7 49. Rg7+ Kh8 50. Rxf7+
Kg8 51. Rg7+ Kf8 52. Rxa7 Rxh3 53. Kg2 Rh4 54. Kg3 Rh1 55. Bd4 Rb1 56. a3
Rb3+ 57. Kh4 b5 58. Kh5 Rh3+ 59. Kg6 Rh4 60. Ra8+ Ke7 61. Bf6+ Kd6 62. Bxh4
e5 63. Kxh6 Kd5 64. g5 e4 65. g6 { Black resigns } 1-0

[Event "ICC tourney 2605 (40 5)"]
[Site "Internet Chess Club"]
[Date "2021.06.12"]
[Round "3"]
[White "SETHURAMAN, SANDEEP:K09-15472832"]
[Black "ZONG, DAVIS:K09-14980186"]
[Result "0-1"]
[ICCResult "White resigns"]
[WhiteElo "2194"]
[BlackElo "2270"]
[Opening "QGD: Cambridge Springs defense, Yugoslav variation"]
[ECO "D52"]
[NIC "QO.15"]
[Time "17:00:34"]
[PlyCount "108"]
[TimeControl "2400+5"]

1. d4 d5 2. c4 c6 3. Nc3 Nf6 4. Nf3 e6 5. Bg5 Nbd7 6. e3 Qa5 7. cxd5 Nxd5
8. Qd2 Nxc3 9. bxc3 Ba3 10. Bd3 b6 11. O-O Ba6 12. Rfd1 Bxd3 13. Qxd3 O-O
14. Bf4 Rfe8 15. c4 Bf8 16. Ng5 g6 17. Ne4 Bg7 18. Bg3 e5 19. d5 Nc5 20.
Nxc5 Qxc5 21. Rac1 Rad8 22. e4 Rd7 23. Qb3 Rc8 24. Qa4 a5 25. h3 f6 26. Rb1
Rd6 27. Qb3 cxd5 28. cxd5 Bf8 29. Qb2 Bh6 30. Kh1 Qc2 31. f3 Be3 32. Re1
Qxb2 33. Rxb2 Bd4 34. Rd2 Rdd8 35. Rb1 b5 36. Bf2 Bxf2 37. Rxf2 b4 38. a3
Rc4 39. axb4 axb4 40. Rfb2 Rb8 41. Kg1 Kf7 42. Kf2 Ke7 43. Ke3 Kd6 44. Kd3
Rd4+ 45. Ke3 Rc4 46. Ra1 Rb7 47. Ra6+ Kc5 48. Rxf6 b3 49. Rc6+ Kb4 50.
Rxc4+ Kxc4 51. Kd2 Ra7 52. g3 Ra2 53. Kc1 Kc3 54. Rb1 Rh2 { White resigns }
0-1

[Event "ICC tourney 2605 (40 5)"]
[Site "Internet Chess Club"]
[Date "2021.06.12"]
[Round "3"]
[White "MUNDAYAT, ABINAV RAJIV:K09-15264747"]
[Black "SAMMONS, EVAN:K09-16792076"]
[Result "0-1"]
[ICCResult "White resigns"]
[WhiteElo "2109"]
[BlackElo "1966"]
[Opening "French: Winawer, advance, poisoned pawn, Konstantinopolsky variation"]
[ECO "C18"]
[NIC "FR.11"]
[Time "17:00:56"]
[PlyCount "98"]
[TimeControl "2400+5"]

1. e4 e6 2. d4 d5 3. Nc3 Bb4 4. e5 c5 5. a3 Bxc3+ 6. bxc3 Ne7 7. Qg4 Qc7 8.
Qxg7 Rg8 9. Qxh7 cxd4 10. Ne2 Nbc6 11. f4 dxc3 12. Qd3 d4 13. Nxd4 Nxd4 14.
Qxd4 Bd7 15. Rb1 Nf5 16. Qf2 Qc6 17. Rg1 Rd8 18. Bd3 Qd5 19. Rb3 Rc8 20.
Kf1 a5 21. Qf3 Qd4 22. g4 Ba4 23. Rb1 Ne7 24. Be3 Qd5 25. Qxd5 Nxd5 26. Bc1
Bc6 27. h4 Ne7 28. h5 Kd7 29. Kf2 Rg7 30. h6 Rgg8 31. h7 Rg7 32. Rb3 Bd5
33. Rb5 Ng6 34. Rxa5 Rxh7 35. Ra4 Rh3 36. Be4 Bxe4 37. Rxe4 Rch8 38. Rd4+
Kc6 39. Rg3 Rxg3 40. Kxg3 Rh1 41. Be3 b5 42. Rd3 Ne7 43. Rxc3+ Kb7 44. Rc5
Rb1 45. f5 exf5 46. g5 Ng6 47. Rd5 Kc7 48. Rd6 Nxe5 49. Bf4 Kxd6 { White
resigns } 0-1

[Event "ICC tourney 2605 (40 5)"]
[Site "Internet Chess Club"]
[Date "2021.06.12"]
[Round "3"]
[White "MAHAJAN, RUSHAAN:K09-15449416"]
[Black "MCQUILLIN, DANIL ALSANDAIR:K09-15050406"]
[Result "1-0"]
[ICCResult "Black resigns"]
[WhiteElo "2209"]
[BlackElo "1193"]
[Opening "Réti opening"]
[ECO "A05"]
[NIC "QP.11"]
[Time "17:00:25"]
[PlyCount "101"]
[TimeControl "2400+5"]

1. Nf3 Nf6 2. g3 d5 3. Bg2 Bf5 4. O-O e6 5. c4 Be7 6. Qb3 Qc8 7. Nc3 c6 8.
d3 Nbd7 9. cxd5 exd5 10. Be3 O-O 11. Rac1 Qb8 12. Nd4 Bg6 13. Bf4 Nc5 14.
Qc2 Qd8 15. b4 Ne6 16. Nxe6 fxe6 17. Qb3 Bd6 18. Bxd6 Qxd6 19. e4 Kh8 20.
h3 Rad8 21. Rfe1 e5 22. exd5 Nxd5 23. Nxd5 cxd5 24. Rc5 e4 25. dxe4 dxe4
26. Re2 b6 27. Rc3 Qf6 28. Rce3 Rd3 29. Qc2 Rfd8 30. Bxe4 Rd1+ 31. Kh2 Qa1
32. Bxg6 Rh1+ 33. Kg2 Qf1+ 34. Kf3 Rf8+ 35. Bf5 Rxh3 36. Re8 Qh1+ 37. Kg4
Rh4+ 38. gxh4 Qg2+ 39. Kf4 Qh2+ 40. Kg5 Qg2+ 41. Bg4 h6+ 42. Kh5 Qd5+ 43.
Qf5 g6+ 44. Kxg6 Qc6+ 45. Kh5 Rxe8 46. Rxe8+ Qxe8+ 47. Kxh6 Qc6+ 48. Qe6
Qc1+ 49. Kh5 Qc7 50. Qh6+ Kg8 51. Be6+ { Black resigns } 1-0

[Event "ICC tourney 2605 (40 5)"]
[Site "Internet Chess Club"]
[Date "2021.06.12"]
[Round "3"]
[White "MOU, IRIS:K09-15794244"]
[Black "RAJARAM, ANIKA:K09-15446678"]
[Result "1-0"]
[ICCResult "Black checkmated"]
[WhiteElo "2059"]
[BlackElo "1858"]
[Opening "Sicilian: closed, 2...Nc6"]
[ECO "B23"]
[NIC "SI.44"]
[Time "17:00:25"]
[PlyCount "139"]
[TimeControl "2400+5"]

1. e4 c5 2. Nc3 Nc6 3. Bb5 Nd4 4. Nf3 Nxb5 5. Nxb5 a6 6. Nc3 d6 7. d4 cxd4
8. Qxd4 e6 9. O-O Ne7 10. Bg5 f6 11. Bh4 Nc6 12. Qe3 Be7 13. Rad1 O-O 14.
Bg3 e5 15. Nd5 Bg4 16. Qb3 Kh8 17. Qxb7 Bd7 18. Nd2 Nd4 19. Nc4 Bb5 20. b3
Re8 21. c3 Nc6 22. Qb6 Qxb6 23. Ndxb6 Rab8 24. Rfe1 Red8 25. f3 Rb7 26. Bf2
g6 27. Na3 Na7 28. Nxb5 Nxb5 29. c4 Nc7 30. Nd5 Ne8 31. Rd3 Kg7 32. Red1
Kf7 33. Nxe7 Kxe7 34. c5 Ke6 35. Rd5 Rb5 36. R1d3 Ra5 37. a4 Rc8 38. cxd6
Rxd5 39. exd5+ Kxd6 40. Be3 Rc2 41. b4 Rc4 42. Bc5+ Kd7 43. Kf2 Nc7 44. Ke3
f5 45. Kd2 Rh4 46. h3 Rc4 47. g3 a5 48. d6 Ne6 49. Rc3 Rxc3 50. Kxc3 Nxc5
51. bxc5 Kc6 52. Kd3 g5 53. Ke3 h5 54. g4 hxg4 55. hxg4 fxg4 56. fxg4 Kd7
57. Ke4 Ke6 58. Kf3 Kd7 59. Ke3 Ke6 60. Ke4 Kf6 61. d7 Ke7 62. c6 Kd8 63.
Kxe5 Kc7 64. Ke6 Kd8 65. Kf7 Kc7 66. Ke7 Kb6 67. d8=Q+ Ka6 68. c7 Ka7 69.
Qb8+ Ka6 70. c8=Q# { Black checkmated } 1-0

[Event "ICC tourney 2605 (40 5)"]
[Site "Internet Chess Club"]
[Date "2021.06.12"]
[Round "3"]
[White "HE, STEPHEN:K09-14726703"]
[Black "SILVA, JAVIER:K09-16089208"]
[Result "0-1"]
[ICCResult "White checkmated"]
[WhiteElo "2066"]
[BlackElo "1864"]
[Opening "Caro-Kann: advance variation"]
[ECO "B12"]
[NIC "CK.04"]
[Time "17:00:25"]
[PlyCount "200"]
[TimeControl "2400+5"]

1. e4 c6 2. d4 d5 3. e5 Bf5 4. Bd3 Bxd3 5. Qxd3 e6 6. Ne2 Nd7 7. O-O Ne7 8.
Ng3 g6 9. Nd2 Bg7 10. f4 Qb6 11. Kh1 c5 12. c3 Rc8 13. Nf3 Nc6 14. a3 cxd4
15. cxd4 Na5 16. b4 Nc4 17. Ng5 h6 18. Nf3 Qc6 19. Nh4 Nf8 20. Qf3 Qd7 21.
Qg4 h5 22. Qf3 f5 23. Ne2 Nb6 24. Be3 Kf7 25. Qg3 Bh6 26. Ng1 Rg8 27. Nh3
Nh7 28. Nf3 Qe7 29. Qf2 Rc7 30. Qe2 Rgc8 31. Bf2 Rc2 32. Qb5 Qd7 33. Qd3
Qc7 34. Be1 Qc4 35. Qxc4 R2xc4 36. Bd2 Na4 37. Nf2 Rc2 38. Nd1 b6 39. Kg1
Nb2 40. Ne3 R2c7 41. g3 Nc4 42. Bc1 Nxe3 43. Bxe3 Nf8 44. Kf2 Rc2+ 45. Bd2
Nd7 46. Ke2 Nb8 47. Kd3 R2c4 48. Rfb1 Nc6 49. Rb3 Nd8 50. Ne1 Bf8 51. Ng2
Be7 52. Ne3 R4c7 53. Nd1 Nc6 54. Nc3 Nd8 55. Nb5 Rb7 56. a4 a6 57. Na3 Rbc7
58. Ra2 Nb7 59. Nb1 Rc4 60. Na3 R4c7 61. Nc2 Nd8 62. Ne3 Nc6 63. Ra1 Nd8
64. h3 Bf8 65. g4 Bh6 66. gxf5 gxf5 67. Ng2 Nb7 68. Ra2 Rg8 69. Be1 Nd8 70.
b5 a5 71. Ke3 Rc1 72. Kd2 Rxg2+ 73. Kxc1 Rxa2 74. Rc3 Bxf4+ 75. Kb1 Rxa4
76. Bh4 Rb4+ 77. Ka2 Ra4+ 78. Kb1 Rb4+ 79. Ka2 Rxd4 80. Bxd8 Ra4+ 81. Kb1
Rb4+ 82. Ka2 Rxb5 83. Bf6 Rc5 84. Rb3 b5 85. Rf3 b4 86. Rxf4 Rc3 87. h4 Re3
88. Rf1 a4 89. Rg1 Re2+ 90. Kb1 b3 91. Rg7+ Kf8 92. Ra7 Re4 93. Kb2 f4 94.
Rg7 Re2+ 95. Ka3 Ra2+ 96. Kb4 b2 97. Rd7 b1=Q+ 98. Kc5 Rc2+ 99. Kd4 Qb4+
100. Kd3 Qc4# { White checkmated } 0-1

[Event "ICC tourney 2605 (40 5)"]
[Site "Internet Chess Club"]
[Date "2021.06.12"]
[Round "3"]
[White "SHUMAN, NATHANIEL LANDE:K09-14782020"]
[Black "SINGH, HERSH:K09-15024326"]
[Result "0-1"]
[ICCResult "White resigns"]
[WhiteElo "2133"]
[BlackElo "2251"]
[Opening "Queen's pawn: London system"]
[ECO "A45"]
[NIC "QP.07"]
[Time "17:01:19"]
[PlyCount "182"]
[TimeControl "2400+5"]

1. d4 Nf6 2. Bf4 d5 3. e3 c5 4. dxc5 e6 5. b4 a5 6. c3 axb4 7. cxb4 Bd7 8.
Nc3 b6 9. Nb5 Na6 10. Nd6+ Bxd6 11. cxd6 Nxb4 12. Qb3 Nc6 13. Nf3 O-O 14.
Bd3 Re8 15. Ne5 Nh5 16. O-O Nxf4 17. exf4 Nd4 18. Qb2 Ra4 19. Rfd1 f6 20.
Nxd7 Qxd7 21. Qxb6 e5 22. Qc5 Qe6 23. f5 Qf7 24. Bb5 Nxb5 25. Qxb5 Ra7 26.
Qxd5 Rd8 27. Qc6 Qd7 28. Qc5 Ra4 29. Qc7 Ra7 30. Qc4+ Kf8 31. Qd3 Ra4 32.
Qh3 h6 33. Rd2 Rd4 34. Rxd4 exd4 35. Qa3 Qxf5 36. Rd1 Qd5 37. Re1 Qxd6 38.
Qxd6+ Rxd6 39. f4 Ra6 40. Re2 Kf7 41. Kf2 Ra3 42. g4 f5 43. gxf5 Kf6 44.
Rd2 Kxf5 45. Rxd4 Rxa2+ 46. Kg3 Ra3+ 47. Kg2 Kg4 48. h3+ Kh4 49. f5+ Kg5
50. Rg4+ Kf6 51. Rg6+ Kf7 52. Rg3 Ra5 53. Rb3 Rxf5 54. Kg3 Ra5 55. Rb7+ Kg6
56. Rb6+ Kh5 57. Rb3 g5 58. Re3 Ra4 59. Rf3 Kg6 60. Kg2 h5 61. Kg3 Ra2 62.
Rb3 h4+ 63. Kf3 Rh2 64. Ke4 Kh5 65. Rf3 Rg2 66. Ke3 Ra2 67. Ke4 Ra4+ 68.
Ke3 Ra3+ 69. Ke4 Ra8 70. Ke3 Re8+ 71. Kf2 Re4 72. Rf8 Kg6 73. Rg8+ Kf6 74.
Rf8+ Kg7 75. Rf5 Kg6 76. Rf8 Rf4+ 77. Rxf4 gxf4 78. Kg2 Kf6 79. Kf2 Ke5 80.
Kf3 Kf5 81. Ke2 Ke4 82. Kf2 f3 83. Kf1 Kf5 84. Kg1 Ke5 85. Kf1 Ke4 86. Kf2
Kf4 87. Kg1 Kg3 88. Kf1 Kxh3 89. Kf2 Kg4 90. Kg1 Kg3 91. Kf1 f2 { White
resigns } 0-1

[Event "ICC tourney 2605 (40 5)"]
[Site "Internet Chess Club"]
[Date "2021.06.13"]
[Round "4"]
[White "HALL, STEWART WILLIAM:K09-15065861"]
[Black "CHAKRAVARTY, ARITRO:K09-16061277"]
[Result "0-1"]
[ICCResult "White resigns"]
[WhiteElo "1427"]
[BlackElo "1942"]
[Opening "Bird's opening"]
[ECO "A03"]
[NIC "VO.07"]
[Time "11:00:21"]
[PlyCount "40"]
[TimeControl "2400+5"]

1. f4 d5 2. Nf3 c5 3. e3 Nc6 4. b3 Nf6 5. Bb2 Bf5 6. Be2 e6 7. O-O Bd6 8.
h3 O-O 9. g4 Bg6 10. g5 Nd7 11. Nh4 e5 12. Nxg6 fxg6 13. Qe1 exf4 14. h4
fxe3 15. dxe3 Qe7 16. Qd2 Rxf1+ 17. Kxf1 Rf8+ 18. Ke1 Qe4 19. Bf1 Bg3+ 20.
Ke2 Rf2+ { White resigns } 0-1

[Event "ICC tourney 2605 (40 5)"]
[Site "Internet Chess Club"]
[Date "2021.06.13"]
[Round "4"]
[White "KROTOV, DAMIAN:K09-17105641"]
[Black "MULPURI, PARTHIV KUMAR:K09-16906012"]
[Result "1-0"]
[ICCResult "Black resigns"]
[WhiteElo "1819"]
[BlackElo "1006"]
[Opening "Queen's gambit declined"]
[ECO "D30"]
[NIC "QP.08"]
[Time "11:00:07"]
[PlyCount "49"]
[TimeControl "2400+5"]

1. d4 d5 2. c4 e6 3. Nf3 Nf6 4. g3 Nbd7 5. Bg2 dxc4 6. O-O Be7 7. Nc3 b6 8.
Ne5 Nxe5 9. Bxa8 Ng6 10. Bg2 O-O 11. e4 Bb7 12. e5 Bxg2 13. exf6 Bxf1 14.
fxe7 Nxe7 15. Kxf1 Nf5 16. Be3 Qd7 17. d5 exd5 18. Qxd5 Rd8 19. Qxd7 Rxd7
20. Rd1 Rxd1+ 21. Nxd1 Kf8 22. Ke2 Ke7 23. Kd2 Kd6 24. Nc3 h6 25. Nb5+ {
Black resigns } 1-0